 Dungeon Sprint DCSS version bcrawl-1.21.2-1-g32d02e0829 (webtiles) character file.

Game seed: 5669514068329820383

28 MordorOrchid the Ducker (level 3, -3/37 HPs)
             Began as a Fairy Wanderer on Feb 21, 2020.
             Slain by a sky beast (5 damage)
             ... in the Dungeon (Sprint IX: "|||||||||||||||||||||||||||||").
             The game lasted 00:01:25 (196 turns).

MordorOrchid the Ducker (Fairy Wanderer)             Turns: 196, Time: 00:01:26

Health: -3/37      AC:  4    Str: 15    XL:     3   Next: 14%
Magic:  6/9        EV: 19    Int: 15    God:
Gold:   0          SH:  4    Dex: 12    Spells: 8/8 levels left

rFire    . . .     SeeInvis .   a - +2 short sword
rCold    . . .     Gourm    .   (shield restricted)
rNeg     . . .     Faith    .   (armour unavailable)
rPois    .         Spirit   .   (no helmet)
rElec    .         Reflect  .   (no cloak)
rCorr    .         Harm     .   (no gloves)
MR       .....     NoTele   +   (no boots)
Stlth    ..........             (no amulet)
HPRegen  0.12/turn              (no ring)
MPRegen  0.11/turn              (no ring)

@: berserking, flying evasively, hasted, very quick
A: small, magic attunement, unstealthy, unfitting armour, able to fly, AC/SH +4
a: Stop Flying


You were in the Dungeon.
You were not hungry.

You visited 1 branch

Inventory:

Hand Weapons
 a - a +2 short sword (weapon)
 b - a +0 falchion
Scrolls
 i - a scroll of blinking
Potions
 c - a potion of curing
 d - a potion of heal wounds
 g - 2 potions of magic
Comestibles
 e - a ration {!d}


   Skills:
 * Level 2.8 Fighting
 - Level 2.0 Short Blades
 - Level 1.0 Throwing
 - Level 6.1 Dodging
 - Level 1.0 Stealth
   Level 1.2 Shields
 - Level 1.7 Unarmed Combat
 * Level 3.4 Spellcasting


You had 8 spell levels left.
You didn't know any spells.
Your spell library was empty.

Dungeon Overview and Level Annotations

Branches:
Dungeon (1/1)

Altars:


Innate Abilities, Weirdness & Mutations

Your spells do not cause hunger and MP costs are reduced by 1.
Your bright wings attract enemies. (Stealth-)
You cannot fit into any form of body armour.
Your shimmering scales are hard and can block incoming attacks. (AC +4, SH +4)
You are small and have problems with some larger weapons.
You can fly continuously.


Message History

Training target 3.0 for Spellcasting reached!
Training target 6.0 for Dodging reached!
Your Dodging skill gained 2 levels and is now at level 6!
Your Spellcasting skill increases to level 3!
You have reached level 2!
You have reached level 3!
Your experience leads to an increase in your attributes!
Your base attributes are Str 10, Int 14, Dex 12.
Increase (S)trength, (I)ntelligence, or (D)exterity?
You feel clever.
Your scales feel stronger.
You hit the sky beast.
The sky beast is moderately wounded.
The sky beast flickers out of sight!
Deactivating autopickup; reactivate with Ctrl-A.
Something hits you. Something shocks you.
* * * LOW HITPOINT WARNING * * *
You miss something. Something hits you.
* * * LOW HITPOINT WARNING * * *
Something shocks you.
You die...

▓.▓
▓.▓
▓.▓
▓)▓
▓.▓
▓.▓
▓.▓
▓.▓
▓@▓
▓{▓
▓l▓
▓W▓
▓.▓
▓Z▓
▓.▓
▓+▓


You could see a phantom, an iguana and a leopard gecko skeleton.

Vanquished Creatures
  A worker ant (D)
  A goblin (D)
  2 hobgoblins (D)
  A bat (D)
  A frilled lizard (D)
6 creatures vanquished.

Notes
Turn   | Place    | Note
-------+----------+-------------------------------------------
     0 | D        | MordorOrchid the Fairy Wanderer began the quest for the
                  | Orb.
     0 | D        | MordorOrchid set off with the following items: a +2 short
                  | sword, a +0 falchion, 2 potions of curing, a potion of heal
                  | wounds, a ration {!d}, a potion of haste, 2 potions of
                  | magic, a potion of berserk rage, a scroll of blinking
     0 | D        | Reached XP level 1. HP: 13/13 MP: 3/3
    10 | D        | Reached skill level 1 in Spellcasting
   189 | D        | Noticed a worker ant
   189 | D        | Noticed a sky beast
   189 | D        | Noticed an iguana
   189 | D        | Noticed a phantom
   194 | D        | Killed a worker ant
   194 | D        | Reached skill level 6 in Dodging
   194 | D        | Reached XP level 2. HP: 10/20 MP: 6/8
   194 | D        | Reached XP level 3. HP: 12/25 MP: 6/9
   196 | D        | Slain by a sky beast

Skill      XL: |  1 |
---------------+----+-----
Spellcasting   | 3 |  3.4
Fighting       | 2 |  2.8
Short Blades   | 2 |  2.0
Dodging        | 6 |  6.1
Throwing       | |  1.0
Stealth        | |  1.0
Shields        | |  1.2
Unarmed Combat | |  1.7

Action                   || total
-------------------------++-------
Melee: Short sword       ||    23
  Use: Potion            ||     3
Armor: Skin              ||     2
Dodge: Dodged            ||    13
Block: Other             ||     1
